 Dungeon Crawl Stone Soup version 0.28-a0-751-gef3a642a4e (webtiles) character file.

Game seed: 14135114526090724911

184 KoroneIsBestGirl the Skirmisher (level 5, 0/45 HPs)
             Began as a Demigod Fighter on Oct 31, 2021.
             Slain by a river rat (7 damage)
             ... in a sewer.
             The game lasted 00:03:12 (2989 turns).

KoroneIsBestGirl the Skirmisher (Demigod Fighter)   Turns: 2989, Time: 00:03:13

Health: 0/45       AC:  9    Str: 23    XL:     5   Next: 13%
Magic:  7/7        EV:  6    Int: 14    God:
Gold:   87         SH:  5    Dex: 13    Spells: 4/4 levels left

rFire   . . .      SeeInvis .   a - +0 long sword
rCold   . . .      Faith    .   c - +0 buckler
rNeg    . . .      Spirit   .   b - +0 scale mail
rPois   .          Reflect  .   j - +0 helmet
rElec   .          Harm     .   (no cloak)
rCorr   .          Rampage  .   (no gloves)
Will    .....                   h - +0 pair of boots
Stlth   ..........              (no amulet)
HPRegen 0.15/turn               f - +6 ring of strength
MPRegen 0.10/turn               (no ring)

@: constricted
A: high mp 1, forlorn
a: no special abilities


You were in a sewer.
You visited 1 branch of the dungeon, and saw 3 of its levels.
You also visited: Sewer.

You collected 87 gold pieces.

Inventory:

Hand Weapons
 a - a +0 long sword (weapon)
Armour
 b - a +0 scale mail (worn)
 c - a +0 buckler (worn)
 h - a +0 pair of boots (worn)
 j - a +0 helmet (worn)
Jewellery
 f - a +6 ring of strength (left hand)
Wands
 r - a wand of polymorph (4)
Scrolls
 e - a scroll of enchant armour {unknown}
 g - 2 scrolls of blinking {unknown}
 k - a scroll of immolation {unknown}
 n - a scroll of teleportation {unknown}
 q - a scroll of enchant weapon {unknown}
 t - 2 scrolls of identify {unknown}
Potions
 i - a potion of heal wounds
 l - a potion of brilliance {unknown}
 m - 3 potions of magic {unknown}
 o - a potion of mutation {unknown}
 p - a potion of degeneration {unknown}
 s - a potion of flight {unknown}


   Skills:
 + Level 3.6 Fighting
 + Level 3.0 Long Blades
 + Level 3.6 Armour
 + Level 3.6 Shields


You had 4 spell levels left.
You didn't know any spells.
Your spell library was empty.

Dungeon Overview and Level Annotations

Branches:
Dungeon (3/15)              Sewer (1/1)

Shops:
D:2 ?


Innate Abilities, Weirdness & Mutations

Your attributes grow dramatically as you level up.
You have an increased reservoir of magic. (+10% MP)
You shall have no god before yourself.


Message History

The ball python constricts you. The adder bites you but does no damage.
The ball python barely misses you.
You miss the adder.
The adder is severely wounded.
You feel sick.
The ball python bites you but does no damage.
The ball python constricts you. You block the ball python's attack.
The adder completely misses you.
The ball python bites you but does no damage.
The ball python constricts you.
You hit the adder but do no damage.
The adder is severely wounded.
You feel sick. The adder barely misses you.
The ball python completely misses you.
The ball python bites you but does no damage.
The ball python constricts you. The adder bites you but does no damage.
The ball python bites you but does no damage.
You barely miss the adder.
The adder is severely wounded.
You feel sick. The ball python barely misses you.
The ball python constricts you. The adder bites you but does no damage.
The ball python bites you but does no damage. x2
The ball python constricts you.
You barely miss the adder.
The adder is severely wounded.
You feel sick.
You are no longer poisoned.
The adder bites you but does no damage.
The ball python bites you but does no damage. x2
The ball python constricts you. You block the adder's attack.
The ball python bites you but does no damage.
You slash the adder!
You kill the adder!
The ball python bites you but does no damage.
The ball python constricts you.
* * * LOW HITPOINT WARNING * * *
The ball python bites you.
* * * LOW HITPOINT WARNING * * *
The river rat bites you!
You die... ############## ≈≈≈≈≈≈≈≈≈≈≈≈ ≈≈≈≈≈≈≈≈≈ ####### #..#S@# #.rrSr#

##.rr##
#.....# #≈
#.))).# #≈#
###'####≈#≈
#....≈≈≈≈≈≈
##....≈≈≈≈≈≈
#.....≈≈≈≈≈≈≈


You could see 3 river rats, 2 ball pythons and 2 rats.

Vanquished Creatures
  A kobold brigand (Sewer)
  Ijyb (D:3)
  2 adders
  A river rat (Sewer)
  4 worms (D:2)
  2 dart slugs (D:2)
  A bat (D:1)
  7 endoplasms
  4 giant cockroaches (D:3)
  A goblin (D:1)
  8 hobgoblins
  6 kobolds
  4 quokkas (D:3)
  3 ball pythons
  5 frilled lizards
  10 rats
60 creatures vanquished.

Notes
Turn   | Place    | Note
-------+----------+-------------------------------------------
     0 | D:1      | KoroneIsBestGirl the Demigod Fighter began the quest for
                  | the Orb.
     0 | D:1      | Reached XP level 1. HP: 18/18 MP: 3/3
   581 | D:1      | Reached XP level 2. HP: 16/25 MP: 4/4
  1307 | D:2      | Found Hyadoami's Magic Scroll Shoppe.
  1309 | D:2      | Reached XP level 3. HP: 31/31 MP: 5/5
  2065 | D:3      | Noticed Ijyb
  2085 | D:3      | Killed Ijyb
  2086 | D:3      | Reached XP level 4. HP: 38/38 MP: 6/6
  2317 | D:3      | Found a glowing drain.
  2396 | Sewer    | Entered a sewer
  2614 | Sewer    | Noticed a kobold brigand
  2627 | Sewer    | Killed a kobold brigand
  2628 | Sewer    | Reached XP level 5. HP: 6/45 MP: 7/7
  2989 | Sewer    | Slain by a river rat

Illustrated notes

Levels and vault maps discovered:
D:1:      wheals_arrival_shading, layout_basic
D:2:      layout_basic, basic_altar, serial_shops, nicolae_shop_crystal,
          chequers_ecumenical_altar_twisty
D:3:      layout_basic, serial_glass, glass_columns_a, glass_columns_a,
          gup_sewer_entry_pipe, uniq_ijyb
Sewer:    sewer_minmay_treatment

Skill      XL: |  1  2  3  4 |
---------------+-------------+-----
Long Blades    | 2 3 |  3.0
Fighting       | 3 |  3.6
Armour         | 3 |  3.6
Shields        | 3 |  3.6

Action                   |  1- 3 |  4- 6 || total
-------------------------+-------+-------++-------
Melee: Long sword        |   122 |    90 ||   212
  Use: Potion            |       |     2 ||     2
Armor: Scale mail        |    36 |    97 ||   133
       Skin              |    36 |       ||    36
Dodge: Dodged            |    43 |    85 ||   128
Block: Buckler           |    24 |    46 ||    70

Table legend: (Time is in decaauts)
 A = Elapsed time spent in this place.
 B = Non-inter-level travel time spent in this place.
 C = Inter-level travel time spent in this place.
 D = Time resting spent in this place.
 E = Time spent auto-exploring this place.
 F = Levels seen in this place.
 G = Mean time per level.
                   A        B        C        D        E       F      G
               +--------+--------+--------+--------+--------+-----+--------+
         Total |   3058 |   3017 |     41 |    106 |   2369 |   4 |  764.5 |
       Dungeon |   2449 |   2408 |     41 |     68 |   1906 |   3 |  816.3 |
         Sewer |    608 |    608 |      0 |     38 |    463 |   1 |  608.0 |
               +--------+--------+--------+--------+--------+-----+--------+

Top non-repeatable levels by time:
     D:1: 1132 daAuts
     D:2: 961 daAuts
   Sewer: 608 daAuts
     D:3: 355 daAuts
